 Dungeon Crawl Stone Soup version 0.31.0-32-g396128a36d (webtiles) character file.

Game seed: 14083344128843012114

94 firemarshallily the Sneak (level 4, 0/42 HPs)
             Began as a Naga Brigand on Apr 3, 2024.
             Slain by a mummy (15 damage)
             ... in an ossuary.
             The game lasted 00:05:16 (3081 turns).

firemarshallily the Sneak (Naga Brigand)            Turns: 3081, Time: 00:05:17

Health: 0/42       AC:  6    Str: 16    XL:     4   Next: 63%
Magic:  4/4        EV:  9    Int: 11    God:
Gold:   20         SH:  0    Dex: 15    Spells: 3/3 levels left

rFire   . . .        a - +3 dagger
rCold   . . .        (no shield)
rNeg    . . .        r - +2 robe of a treasure trove {rElec Str+3}
rPois   +            j - +2 hat
rElec   +            q - scarf {shadows}
rCorr   .            (no gloves)
SInv    +            (no barding)
Will    +....        (no amulet)
Stlth   +++          (no ring)
HPRegen 0.27/turn    (no ring)
MPRegen 0.09/turn

%: no passive effects
@: enlightened, flying, very slow
A: AC +1, large, see invisible, deformed body, poison resistance, slowness 2,
spit poison 1, naga tail 1
a: Spit Poison


You were in an ossuary.
You visited 1 branch of the dungeon, and saw 4 of its levels.
You also visited: Ossuary.

You collected 179 gold pieces.
You spent 159 gold pieces at shops.

Inventory:

Hand Weapons
 a - a +3 dagger (weapon)
Missiles
 d - 13 poisoned darts
 e - 2 curare-tipped darts
Armour
 c - a +0 cloak
 j - a +2 hat (worn)
 q - a scarf of shadows (worn)
 r - the +2 robe of a treasure trove (worn) {rElec Str+3}
   (You bought it in a shop on level 2 of the Dungeon)

   Str+3:     It affects your strength (+3).
   rElec:     It insulates you from electricity.
Jewellery
 n - a ring of ice
Scrolls
 f - a scroll of blinking
 i - a scroll of vulnerability
 k - a scroll of revelation {unknown}
 p - a scroll of fog
Potions
 g - a potion of degeneration {unknown}
 h - a potion of invisibility {unknown}
 l - a potion of enlightenment
 o - a potion of heal wounds {unknown}


   Skills:
 + Level 3.1 Fighting
 + Level 3.1 Short Blades
 - Level 1.7 Throwing
 - Level 0.7 Dodging
 + Level 7.0 Stealth


You had 3 spell levels left.
You didn't know any spells.
Your spell library contained the following spells:

 Spells                   Type           Power      Damage    Failure   Level
 Ensorcelled Hibernation  Hex/Ice        0%         N/A       47%         2
 Passwall                 Erth           0%         N/A       71%         3
 Swiftness                Air            0%         N/A       71%         3


Dungeon Overview and Level Annotations

Branches:
Dungeon (4/15)            Ossuary (1/1)
 Temple: D:4-7

Altars:
Hepliaklqana

Shops:
D:2 [

Annotations:
D:3 3 runed translucent doors, Prival's ghost, amateur HOFi


Innate Abilities, Weirdness & Mutations

Your serpentine skin is tough. (AC +1)
You have supernaturally acute eyesight. (SInv)
Armour fits poorly on your strangely shaped body.
Your system is resistant to poisons. (rPois)
You cover ground very slowly.
You can spit poison.
You have a snake-like lower body.


Message History

Unknown command.
Aiming: Spit Poison (1% risk of failure)
Press: ? - help, Shift-Dir - straight line, f - mummy
Aim: a mummy (wandering, hasn't noticed you, 81% to hit)
The splash of poison hits the mummy.
The mummy completely resists.
Unknown command.
Unknown command.
You hit the scorpion zombie.
The scorpion zombie is lightly damaged.
You hit the scorpion zombie.
The scorpion zombie is moderately damaged.
The scorpion zombie hits you.
You hit the scorpion zombie.
The scorpion zombie is moderately damaged.
The scorpion zombie hits you but does no damage.
You hit the scorpion zombie.
The scorpion zombie is heavily damaged.
You have got your breath back.
The mummy hits you but does no damage.
The scorpion zombie completely misses you.
The mummy hits you.
You hit the scorpion zombie.
The scorpion zombie is heavily damaged.
The scorpion zombie hits you.
You hit the scorpion zombie.
You punch the scorpion zombie, but do no damage.
The scorpion zombie is heavily damaged.
The mummy hits you. The mummy hits you!
The scorpion zombie hits you but does no damage.
You puncture the scorpion zombie!
The scorpion zombie is severely damaged.
The scorpion zombie barely misses you. The mummy hits you.
The mummy barely misses you.
It was a potion of enlightenment.
You feel very buoyant.
You fly up into the air.
The scorpion zombie barely misses you.
You hit the scorpion zombie.
The scorpion zombie is almost destroyed.
The mummy hits you. The mummy hits you!
You die...

##+##
#...#
#.∩.#
#...#
#.@.#


#MZM# #.....# #.#.#.# ####### You could see 2 mummies and a scorpion zombie.

Vanquished Creatures
  Robin (D:3)
  3 adders
  A white imp (D:4)
  A ribbon worm (D:2)
  2 ball pythons
  5 endoplasms
  6 hobgoblins
  4 quokkas
  9 bats
  6 goblins
  5 kobolds (D:1)
  A rat (D:3)
44 creatures vanquished.

Notes
Turn   | Place    | Note
-------+----------+-------------------------------------------
     0 | D:1      | firemarshallily the Naga Brigand began the quest for the
                  | Orb.
     0 | D:1      | Reached XP level 1. HP: 19/19 MP: 1/1
   157 | D:1      | Reached skill level 6 in Stealth
   207 | D:1      | Reached XP level 2. HP: 26/26 MP: 2/2
   797 | D:2      | Reached XP level 3. HP: 33/33 MP: 3/3
  1106 | D:2      | Found Oply's Antique Armour Shop.
  1188 | D:2      | Found a hazy altar of Hepliaklqana.
  1490 | D:3      | Noticed Prival's ghost (amateur HOFi)
  1516 | D:3      | Found a runed translucent gate.
  1516 | D:3      | Found a runed translucent gate.
  1517 | D:3      | Found a runed translucent gate.
  1724 | D:3      | Reached XP level 4. HP: 40/40 MP: 4/4
  1734 | D:3      | Noticed Robin
  1744 | D:3      | Killed Robin
  2816 | D:2      | Bought a faintly glowing robe for 159 gold pieces
  2816 | D:2      | Identified the +2 robe of a treasure trove {rElec Str+3}
                  | (You bought it in a shop on level 2 of the Dungeon)
  2995 | D:4      | Reached skill level 7 in Stealth
  3062 | D:4      | Found a sand-covered staircase.
  3070 | Ossuary  | Entered an ossuary
  3081 | Ossuary  | Slain by a mummy

Illustrated notes

Levels and vault maps discovered:
D:1:      dpeg_chamrin_arrival_tetris, layout_loops_ring
D:2:      layout_rooms, basic_altar, serial_shops, nicolae_shop_rolling_square,
          nicolae_elevator_lobby_asterisk
D:3:      layout_loops_ring, serial_rivers, chequers_serial_rivers_micro_d,
          chequers_serial_rivers_micro_c, chequers_serial_rivers_micro_a,
          chequers_serial_rivers_small_3, chequers_serial_rivers_micro_d,
          gammafunk_ghost_icy, grunt_decor_resistance, serial_bayou_crossing,
          uniq_robin
D:4:      minmay_chambers_of_threes, layout_rooms,
          lightli_ossuary_entry_decrepit_ruins, uniq_menkaure, uniq_natasha
Ossuary:  ossuary_minmay_chase

Skill      XL: |  1  2  3  4 |
---------------+-------------+-----
Stealth        | 6 7 |  7.0
Fighting       | 3 |  3.1
Short Blades   | 3 |  3.1
Throwing       | |  1.7
Dodging        | |  0.7

Action                     |  1- 3 |  4- 6 || total
---------------------------+-------+-------++-------
  Melee: Dagger            |    52 |    43 ||    95
         Punch             |     3 |     1 ||     4
  Throw: Dart              |       |     1 ||     1
Ability: Spit Poison       |    27 |     7 ||    34
    Use: Scroll            |       |     5 ||     5
         Potion            |       |     1 ||     1
 Armour: Robe              |    40 |    26 ||    66
  Dodge: Dodged            |    18 |    15 ||    33
